[Event "ICC tourney 2545 (5 3)"]
[Site "Internet Chess Club"]
[Date "2021.04.11"]
[Round "6"]
[White "TheGMnexttou"]
[Black "FootstepsOfDawn"]
[Result "1-0"]
[ICCResult "Black resigns"]
[WhiteElo "1370"]
[BlackElo "981"]
[Opening "Philidor's defense"]
[ECO "C41"]
[NIC "KP.10"]
[Time "16:14:50"]
[TimeControl "300+3"]

1. e4 e5 2. Nf3 d6 3. Nc3 Nf6 4. Bb5+ Bd7 5. Bc4 Qe7 6. O-O Nc6 7. Nd5 Nxd5
8. Bxd5 O-O-O 9. c3 f5 10. d3 f4 11. d4 Bg4 12. h3 Bxf3 13. Qxf3 exd4 14.
cxd4 Nxd4 15. Qg4+ Kb8 16. Bxf4 g6 17. Rfd1 Bg7 18. Rac1 Rhf8 19. b4 h5 20.
Qg5 Qxg5 21. Bxg5 Bf6 22. Bxf6 Ne2+ 23. Kf1 Rxf6 24. Kxe2 Rdf8 25. Rf1 c6
26. Bb3 Re8 27. f3 c5 28. bxc5 dxc5 29. Rxc5 Rxe4+ 30. fxe4 {Black resigns}
1-0

[Event "ICC tourney 2545 (5 3)"]
[Site "Internet Chess Club"]
[Date "2021.04.11"]
[Round "6"]
[White "gmRohde"]
[Black "ericbuen"]
[Result "1-0"]
[ICCResult "Black resigns"]
[WhiteElo "1893"]
[BlackElo "1676"]
[Opening "French defense"]
[ECO "C01"]
[NIC "VO.03"]
[Time "16:14:00"]
[TimeControl "300+3"]

1. e4 e6 2. d4 b6 3. Bd3 Bb7 4. Nf3 Nf6 5. e5 Nd5 6. a3 c5 7. c4 Ne7 8. d5
exd5 9. Nc3 d4 10. Ne4 Ng6 11. Qe2 Be7 12. Nd6+ Bxd6 13. exd6+ Kf8 14. O-O
Nc6 15. Bg5 f6 16. Bd2 Kf7 17. Rae1 Re8 18. Qd1 Rxe1 19. Rxe1 Qf8 20. Nh4
Qxd6 21. Qh5 Ne5 22. Nf5 Qf8 23. Qxh7 Qh8 24. Nd6+ Kf8 25. Bxg6 Qxh7 26.
Bxh7 Bc6 27. Bf4 Nd3 28. Bxd3 a6 29. Bg6 b5 30. b3 bxc4 31. bxc4 Rb8 32. h4
Ba4 33. h5 {Black resigns} 1-0

[Event "ICC tourney 2545 (5 3)"]
[Site "Internet Chess Club"]
[Date "2021.04.11"]
[Round "6"]
[White "marioseixas1992"]
[Black "Chesscrow"]
[Result "0-1"]
[ICCResult "White resigns"]
[WhiteElo "1320"]
[BlackElo "1734"]
[Opening "Sicilian: Canal-Sokolsky attack, 3...Bd7"]
[ECO "B52"]
[NIC "SI.01"]
[Time "16:15:08"]
[TimeControl "300+3"]

1. e4 c5 2. Nf3 d6 3. Bb5+ Bd7 4. a4 a6 5. Bxd7+ Nxd7 6. c4 e5 7. Nc3 Be7 8.
Nd5 Ngf6 9. Nxe7 Qxe7 10. d3 O-O 11. Bg5 h6 12. Bh4 Qe6 13. O-O Qg4 14. a5
Nh5 15. h3 Qg6 16. Qa4 Ndf6 17. Bxf6 Nxf6 18. Nh2 Nh5 19. Qd7 Nf4 20. Qg4
Qxg4 21. Nxg4 Nxd3 22. Rfd1 Nxb2 23. Rxd6 Nxc4 24. Nxh6+ gxh6 25. Rxh6 Kg7
26. Rh4 f6 27. Rb1 Nxa5 28. Rb6 Rac8 29. Rd6 Rc6 30. Rd7+ Rf7 31. Rg4+ Kf8
32. Rd8+ Ke7 33. Rgg8 f5 34. Rge8+ Kf6 35. exf5 Kxf5 36. g4+ Kf4 37. Rd5 Nc4
38. Rg8 b6 39. Kg2 Rd6 40. Rxd6 Nxd6 {White resigns} 0-1

[Event "ICC tourney 2545 (5 3)"]
[Site "Internet Chess Club"]
[Date "2021.04.11"]
[Round "6"]
[White "JustInIt"]
[Black "DrDrunkenstyn"]
[Result "0-1"]
[ICCResult "White resigns"]
[WhiteElo "1418"]
[BlackElo "1680"]
[Opening "Sicilian defense"]
[ECO "B32"]
[NIC "SI.32"]
[Time "16:14:33"]
[TimeControl "300+3"]

1. e4 c5 2. Nf3 Nc6 3. d4 cxd4 4. Nxd4 a6 5. c4 Nf6 6. Nc3 d6 7. Be2 Qb6 8.
Nb3 g6 9. Be3 Qc7 10. O-O Bg7 11. Rc1 O-O 12. Nd5 Qd8 13. Bb6 Qd7 14. f3
Nxd5 15. cxd5 Nd8 16. Rc7 Qe8 17. Qc2 Bd7 18. Na5 Rb8 19. b4 e6 20. Rd1 exd5
21. Rxd5 Ne6 22. Rxb7 Rxb7 23. Nxb7 Qb8 24. Bxa6 Rc8 25. Qf2 Rc1+ 26. Bf1
Qxb7 27. Rxd6 Bb5 {White resigns} 0-1

[Event "ICC tourney 2545 (5 3)"]
[Site "Internet Chess Club"]
[Date "2021.04.11"]
[Round "6"]
[White "ROWLAND"]
[Black "Giallorossi"]
[Result "1-0"]
[ICCResult "Black resigns"]
[WhiteElo "1564"]
[BlackElo "1358"]
[Opening "Caro-Kann: Panov-Botvinnik attack"]
[ECO "B13"]
[NIC "CK.03"]
[Time "16:15:28"]
[TimeControl "300+3"]

1. e4 c6 2. d4 d5 3. exd5 cxd5 4. c4 Nf6 5. Nc3 Nc6 6. Nf3 Bg4 7. cxd5 Nxd5
8. Qb3 Bxf3 9. gxf3 e6 10. Qxb7 Nxd4 11. Bb5+ Nxb5 12. Qc6+ Ke7 13. Qxb5 Qd7
14. Nxd5+ Qxd5 15. Qxd5 exd5 16. Bg5+ Ke6 17. O-O-O Bb4 18. a3 Rhc8+ 19. Kb1
Bc5 20. Be3 f5 21. Rhe1 Kd6 22. Bf4+ Kc6 23. Re6+ Kb5 24. Rxd5 Rc6 25. Ree5
Kc4 26. Be3 Bxe3 27. fxe3 Rac8 28. Kc2 Rc5 29. Rxc5+ Rxc5 30. Rxc5+ Kxc5 31.
Kc3 g5 32. b4+ Kd5 33. Kd3 h5 34. e4+ fxe4+ 35. fxe4+ Ke5 36. Ke3 g4 37. a4
h4 38. b5 g3 39. hxg3 hxg3 40. a5 g2 41. Kf2 Kd6 42. e5+ Kc5 43. b6 axb6 44.
a6 {Black resigns} 1-0

[Event "ICC tourney 2545 (5 3)"]
[Site "Internet Chess Club"]
[Date "2021.04.11"]
[Round "6"]
[White "Eberhard"]
[Black "Champi"]
[Result "1-0"]
[ICCResult "Black resigns"]
[WhiteElo "2281"]
[BlackElo "2414"]
[Opening "Sicilian: Nimzovich-Rossolimo attack (without ...d6)"]
[ECO "B30"]
[NIC "SI.31"]
[Time "16:14:11"]
[TimeControl "300+3"]

1. e4 c5 2. Nf3 Nc6 3. Bb5 d6 4. O-O Bd7 5. c3 Nf6 6. Re1 e5 7. d4 Qc7 8.
Bg5 Be7 9. d5 Nb8 10. a4 O-O 11. Na3 h6 12. Bh4 Bg4 13. h3 Bh5 14. Bd3 Nbd7
15. Nc4 Rfe8 16. Bc2 Nf8 17. g4 Bg6 18. Nfxe5 dxe5 19. d6 Bxd6 20. Qxd6 Qxd6
21. Nxd6 Re7 22. Nf5 Bxf5 23. exf5 N8h7 24. Rad1 Rae8 25. Kg2 Ng5 26. Bg3
Nd7 27. a5 f6 28. Ba4 Rd8 29. Rd5 Nh7 30. Red1 Nhf8 31. f3 b6 32. Bf2 Kf7
33. Rd6 Ree8 34. Bxd7 {Black resigns} 1-0

[Event "ICC tourney 2545 (5 3)"]
[Site "Internet Chess Club"]
[Date "2021.04.11"]
[Round "6"]
[White "pumukel"]
[Black "clydedrexler22"]
[Result "0-1"]
[ICCResult "White resigns"]
[WhiteElo "1552"]
[BlackElo "1574"]
[Opening "Queen's Pawn"]
[ECO "A41"]
[NIC "QO.17"]
[Time "16:14:41"]
[TimeControl "300+3"]

1. d4 d6 2. Bf4 Nf6 3. Nc3 g6 4. e4 Bg7 5. Qd2 O-O 6. O-O-O c6 7. Bh6 b5 8.
h4 b4 9. Bxg7 bxc3 10. Qxc3 Kxg7 11. f3 Ba6 12. h5 Bxf1 13. Rxf1 Nxh5 14.
Rxh5 gxh5 15. Qe3 e5 16. Nh3 h6 17. f4 f6 18. f5 Kh7 19. dxe5 dxe5 20. Rd1
Qe7 21. Qe2 Qf7 22. b3 Nd7 23. g4 hxg4 24. Qxg4 Rg8 25. Qh4 Rg2 26. Kb2 Rag8
27. Rd6 R2g4 28. Qe1 R8g7 29. Nf2 Rg1 30. Qa5 Qe7 31. Rxc6 R1g2 32. Nd3 h5
33. Qxa7 h4 34. Re6 Qd8 35. Qe3 Qc8 36. Nb4 R2g3 37. Qf2 Qc3+ 38. Ka3 Qe3
39. Qh2 Qf4 40. Nd5 Rxb3+ 41. axb3 Qxh2 42. c4 h3 43. Rd6 Qg1 44. Rxd7 Rxd7
45. Nxf6+ Kg7 46. Nxd7 Qa7+ 47. Kb4 Qxd7 48. c5 h2 49. Kc4 h1=Q {White
resigns} 0-1

[Event "ICC tourney 2545 (5 3)"]
[Site "Internet Chess Club"]
[Date "2021.04.11"]
[Round "6"]
[White "ybabji"]
[Black "SuleymanliAydin"]
[Result "1-0"]
[ICCResult "Black resigns"]
[WhiteElo "1280"]
[BlackElo "1855"]
[Opening "Caro-Kann: exchange variation"]
[ECO "B13"]
[NIC "CK.02"]
[Time "16:14:33"]
[TimeControl "300+3"]

1. e4 c6 2. d4 d5 3. exd5 cxd5 4. Nc3 Nc6 5. Bf4 a6 6. Be2 g6 7. Nf3 Bg7 8.
Ne5 f6 9. Nxc6 bxc6 10. Qc1 e5 11. dxe5 fxe5 12. Bg5 Ne7 13. O-O O-O 14. Na4
Qd6 15. Nb6 Rb8 16. Nxc8 Rbxc8 17. Bxa6 Ra8 18. Be2 Nf5 19. c3 Ra4 20. g4
Ne7 21. Qc2 Ra7 22. a4 h6 23. Be3 d4 24. Bd2 Nd5 25. a5 Raf7 26. a6 Qc5 27.
Qxg6 dxc3 28. Bd3 Re8 29. Be3 Nxe3 30. b4 Qa7 31. fxe3 Qxe3+ 32. Kh1 Ree7
33. Bc4 Kh8 34. Bxf7 {Black resigns} 1-0

[Event "ICC tourney 2545 (5 3)"]
[Site "Internet Chess Club"]
[Date "2021.04.11"]
[Round "6"]
[White "LeftHand"]
[Black "harrisongaro"]
[Result "1-0"]
[ICCResult "Black resigns"]
[WhiteElo "1191"]
[BlackElo "1437"]
[Opening "French: Marshall variation"]
[ECO "C10"]
[NIC "FR.04"]
[Time "16:14:08"]
[TimeControl "300+3"]

1. e4 e6 2. d4 d5 3. Nc3 c5 4. exd5 exd5 5. dxc5 Bxc5 6. Qxd5 Qxd5 7. Nxd5
Na6 8. Bxa6 bxa6 9. Nc7+ Kd7 10. Nxa8 Bb7 11. Be3 Bxe3 12. fxe3 Bxg2 13.
O-O-O+ Kc8 14. Ne2 Bxh1 15. Rxh1 Ne7 16. Rf1 f6 17. Rf4 Rd8 18. Rc4+ Kb7 19.
Nc7 Nc6 20. Ne6 Rd6 21. Nc5+ Kb6 22. Ne4 Re6 23. N2c3 Na5 24. Rb4+ Kc6 25.
Rd4 f5 26. Ng3 Rxe3 27. Nxf5 Re1+ 28. Rd1 Re5 29. Nxg7 Nc4 30. b3 Ne3 31.
Re1 Kc5 32. Nd1 Kd4 33. Rxe3 Rg5 34. Rd3+ Ke4 35. Ne6 Re5 36. Re3+ Kf5 37.
Rxe5+ Kxe5 38. Nc5 h5 39. Nxa6 Kf4 40. Nf2 Kf3 41. Nd3 Kg2 42. h4 Kg3 43.
Ne5 Kxh4 44. Ng6+ Kg3 45. c4 h4 46. Nxh4 Kxh4 47. c5 Kg5 48. c6 Kf6 49. c7
Ke7 50. c8=Q Kf6 51. Qe8 {Black resigns} 1-0

[Event "ICC tourney 2545 (5 3)"]
[Site "Internet Chess Club"]
[Date "2021.04.11"]
[Round "6"]
[White "oxdidi"]
[Black "pkramkumar"]
[Result "0-1"]
[ICCResult "White resigns"]
[WhiteElo "1106"]
[BlackElo "1551"]
[Opening "Sicilian defense"]
[ECO "B30"]
[NIC "SI.31"]
[Time "16:14:24"]
[TimeControl "300+3"]

1. e4 c5 2. Nf3 Nc6 3. Bc4 Nf6 4. e5 Ne4 5. O-O e6 6. Re1 d5 7. Bb5 Ng5 8.
Nxg5 Qxg5 9. d3 Qd8 10. Bf4 g6 11. Nc3 Bg7 12. Qd2 a6 13. Bxc6+ bxc6 14.
Rad1 h6 15. h3 Qh4 16. Bg3 Qe7 17. Na4 Rb8 18. Qc3 Rb5 19. d4 cxd4 20. Qxc6+
Bd7 21. Qa8+ Qd8 22. Qxa6 Ra5 {White resigns} 0-1

[Event "ICC tourney 2545 (5 3)"]
[Site "Internet Chess Club"]
[Date "2021.04.11"]
[Round "6"]
[White "jackdykes"]
[Black "KnightGhost"]
[Result "1-0"]
[ICCResult "Black checkmated"]
[WhiteElo "1484"]
[BlackElo "1256"]
[Opening "Nimzo-Indian: three knights variation"]
[ECO "E21"]
[NIC "NI.28"]
[Time "16:14:47"]
[TimeControl "300+3"]

1. d4 Nf6 2. c4 e6 3. Nf3 Bb4+ 4. Nc3 Ne4 5. Qd3 Nxc3 6. bxc3 Be7 7. c5 O-O
8. Ba3 Nc6 9. g3 d6 10. cxd6 cxd6 11. h4 Qa5 12. Bg2 Qxa3 13. Ng5 f5 14. g4
e5 15. Qc4+ Kh8 16. Nf7+ Rxf7 17. Qxf7 Qxc3+ 18. Kd1 Qxa1+ 19. Kd2 Qxa2+ 20.
Qxa2 Nxd4 21. Qf7 Bd7 22. Bxb7 Rb8 23. Rb1 h6 24. Qxe7 Bb5 25. Qxd6 Bxe2 26.
Qxb8+ Kh7 27. gxf5 Bh5 28. Be4 Bf7 29. f6+ Bg6 30. Bxg6+ Kxg6 31. Qe8+ Kxf6
32. Qf8+ Kg6 33. Rg1+ Kh5 34. Qe8+ Kxh4 35. Rh1+ Kg4 36. Qh5+ Kf4 37. Rh4#
{Black checkmated}
1-0

[Event "ICC tourney 2545 (5 3)"]
[Site "Internet Chess Club"]
[Date "2021.04.11"]
[Round "6"]
[White "Grayson0405"]
[Black "KingsizePawn"]
[Result "1-0"]
[ICCResult "Black resigns"]
[WhiteElo "1517"]
[BlackElo "1630"]
[Opening "Queen's Indian: 4.Nc3"]
[ECO "E12"]
[NIC "QI.02"]
[Time "16:14:48"]
[TimeControl "300+3"]

1. d4 Nf6 2. c4 e6 3. Nf3 b6 4. Nc3 Bb7 5. Bg5 Bb4 6. e3 d5 7. cxd5 Bxd5 8.
Ne5 O-O 9. Ng4 Nbd7 10. a3 Bxc3+ 11. bxc3 h6 12. Bh4 g5 13. Nxh6+ Kh7 14.
Bxg5 Kg6 15. h4 Rh8 16. Bd3+ Be4 17. Bxe4+ Nxe4 18. Bxd8 Raxd8 19. Qg4+ Kxh6
20. Qxe4 Nf6 21. Qf4+ Kg7 22. g4 Nd5 23. Qg5+ Kh7 24. c4 Rdg8 25. cxd5 Rxg5
26. hxg5+ Kg8 27. Rxh8+ Kxh8 28. dxe6 {Black resigns} 1-0

[Event "ICC tourney 2545 (5 3)"]
[Site "Internet Chess Club"]
[Date "2021.04.11"]
[Round "6"]
[White "krankenstein"]
[Black "fertigto"]
[Result "0-1"]
[ICCResult "White checkmated"]
[WhiteElo "1229"]
[BlackElo "1288"]
[Opening "Queen's pawn game"]
[ECO "D00"]
[NIC "QP.08"]
[Time "16:14:34"]
[TimeControl "300+3"]

1. d4 d5 2. h3 Nc6 3. Nf3 Nf6 4. a3 Bf5 5. Nc3 e6 6. Bf4 Bd6 7. Ne5 O-O 8.
e3 Ne7 9. Be2 c5 10. b3 cxd4 11. exd4 a6 12. O-O Rc8 13. Na4 b5 14. Nc5 Bxc5
15. dxc5 Rxc5 16. b4 Rc8 17. Bg4 Nxg4 18. Nxg4 Bxc2 19. Qf3 Be4 20. Qg3 Nf5
21. Qb3 Nd4 22. Qe3 Nf5 23. Qe1 Qb6 24. Kh2 Nh4 25. f3 Bxf3 26. gxf3 Rc2+
27. Kg3 Nf5# {White checkmated} 0-1

[Event "ICC tourney 2545 (5 3)"]
[Site "Internet Chess Club"]
[Date "2021.04.11"]
[Round "6"]
[White "wiiiiiieee"]
[Black "AtharvRB"]
[Result "1-0"]
[ICCResult "Black checkmated"]
[WhiteElo "1473"]
[BlackElo "1558"]
[Opening "Scandinavian: Pytel-Wade variation"]
[ECO "B01"]
[NIC "SD.02"]
[Time "16:15:08"]
[TimeControl "300+3"]

1. e4 d5 2. exd5 Qxd5 3. Nc3 Qd6 4. Bc4 Nc6 5. Nge2 Bf5 6. d3 Nf6 7. Bf4 e5
8. Nb5 Qd7 9. Bg5 a6 10. Nbc3 h6 11. Bxf6 gxf6 12. Nd5 Be7 13. a4 Rg8 14.
Ng3 Be6 15. Ne3 O-O-O 16. Qf3 Nd4 17. Qd1 Nf5 18. Bxe6 fxe6 19. Qf3 Nd4 20.
Qd1 Rg5 21. Nc4 f5 22. Nxe5 Qd6 23. Nf7 Qf4 24. Nxg5 Bxg5 25. Ne2 Nxe2 26.
Qxe2 b5 27. axb5 axb5 28. Qxe6+ Rd7 29. Qe8+ Kb7 30. Qa8+ Kb6 31. Ra6+ Kc5
32. Qc6+ Kd4 33. Qxd7+ Ke5 34. Qe6+ Kd4 35. c3+ Kc5 36. Qc6# {Black
checkmated} 1-0

[Event "ICC tourney 2545 (5 3)"]
[Site "Internet Chess Club"]
[Date "2021.04.11"]
[Round "6"]
[White "keesparov2001"]
[Black "ethansun188"]
[Result "0-1"]
[ICCResult "White checkmated"]
[WhiteElo "934"]
[BlackElo "1195"]
[Opening "Sicilian: dragon, Yugoslav attack"]
[ECO "B75"]
[NIC "SI.17"]
[Time "16:14:06"]
[TimeControl "300+3"]

1. e4 c5 2. Nf3 d6 3. d4 cxd4 4. Nxd4 Nf6 5. Nc3 g6 6. f3 Bg7 7. Be3 Nc6 8.
Qd2 Bd7 9. g4 Nxd4 10. Bxd4 a6 11. O-O-O O-O 12. h4 b5 13. Kb1 b4 14. Ne2 a5
15. b3 Rb8 16. h5 a4 17. g5 Nxh5 18. Rxh5 gxh5 19. Bxg7 Kxg7 20. Qd4+ f6 21.
Nf4 Qe8 22. Bc4 e5 23. Nxh5+ Qxh5 24. Qxd6 Qxg5 25. Qxd7+ Kg6 26. Rh1 h5 27.
Be6 Rh8 28. Bf5+ Kh6 29. Bg4 Kg6 30. Rg1 hxg4 31. Rxg4 Rh1+ 32. Kb2 a3#
{White checkmated}
0-1

[Event "ICC tourney 2545 (5 3)"]
[Site "Internet Chess Club"]
[Date "2021.04.11"]
[Round "6"]
[White "jfk2014"]
[Black "Guillermito"]
[Result "0-1"]
[ICCResult "White resigns"]
[WhiteElo "2086"]
[BlackElo "3214"]
[Opening "Réti: King's Indian attack, Pachman system"]
[ECO "A07"]
[NIC "QP.09"]
[Time "16:14:06"]
[TimeControl "300+3"]

1. Nf3 d5 2. g3 g6 3. Bg2 Bg7 4. d3 e5 5. O-O Ne7 6. Nbd2 O-O 7. e4 c5 8.
exd5 Nxd5 9. Re1 Nc6 10. Nc4 Re8 11. a4 b6 12. Ng5 f6 13. Ne4 Be6 14. h4 Qd7
15. Ned6 Red8 16. h5 Rab8 17. hxg6 hxg6 18. f4 exf4 19. gxf4 Nd4 20. c3 Nf5
21. Qe2 Nc7 22. Nb5 Re8 23. Nxc7 Qxc7 24. Qf2 Qd7 25. Be4 Rbd8 26. b4 cxb4
27. cxb4 Nd4 28. Bb2 Bxc4 29. dxc4 Rxe4 30. Rxe4 Qg4+ 31. Kh1 Nf3
{White resigns}
0-1

[Event "ICC tourney 2545 (5 3)"]
[Site "Internet Chess Club"]
[Date "2021.04.11"]
[Round "6"]
[White "jab"]
[Black "Macroeconomist"]
[Result "0-1"]
[ICCResult "White checkmated"]
[WhiteElo "1377"]
[BlackElo "1417"]
[Opening "Sicilian defense"]
[ECO "B30"]
[NIC "SI.31"]
[Time "16:14:41"]
[TimeControl "300+3"]

1. e4 c5 2. Nf3 Nc6 3. c3 d5 4. exd5 Qxd5 5. d4 cxd4 6. cxd4 e6 7. Nc3 Qd8
8. Bb5 Bd7 9. O-O Nf6 10. Bg5 h6 11. Bh4 Be7 12. Qd3 a6 13. Ba4 Nb4 14.
Bxd7+ Qxd7 15. Qd2 Nbd5 16. Rac1 O-O 17. Ne5 Qd6 18. Bg3 Nh5 19. Nc4 Qb4 20.
Nxd5 Qxd2 21. Nxd2 exd5 22. Rc7 Nxg3 23. hxg3 Bb4 24. Nb3 b6 25. a3 Bd6 26.
Rd7 Rfd8 27. Rb7 Rab8 28. Ra7 a5 29. Rc1 Rbc8 30. Rxc8 Rxc8 31. Rb7 Rc6 32.
Rd7 Kf8 33. f4 Ke8 34. Rb7 Rc7 35. Rxb6 Rc2 36. Nxa5 Bc7 37. Rb5 Bxa5 38.
Rxa5 Rxb2 39. Kh2 Ke7 40. Rxd5 Ra2 41. Ra5 Ke6 42. Kh3 g6 43. g4 Rd2 44. d5+
Kd6 45. Ra8 Rd3+ 46. Kh4 Rd2 47. g3 Rh2# {White checkmated} 0-1

[Event "ICC tourney 2545 (5 3)"]
[Site "Internet Chess Club"]
[Date "2021.04.11"]
[Round "6"]
[White "Astigmatist"]
[Black "luckylol3"]
[Result "1-0"]
[ICCResult "Black resigns"]
[WhiteElo "1789"]
[BlackElo "1527"]
[Opening "Ruy Lopez: Exchange variation doubly deferred (DERLD)"]
[ECO "C85"]
[NIC "RL.14"]
[Time "16:14:48"]
[TimeControl "300+3"]

1. e4 e5 2. Nf3 Nc6 3. Bb5 a6 4. Ba4 Nf6 5. O-O Be7 6. Bxc6 dxc6 7. d3 Bd6
8. Nbd2 O-O 9. Nc4 Re8 10. Bg5 b5 11. Ne3 h6 12. Bh4 Be6 13. d4 Bd7 14. dxe5
Bxe5 15. Nxe5 Rxe5 16. Bxf6 gxf6 17. f3 Rg5 18. f4 Rg7 19. Qh5 Kh7 20. Rad1
Qe7 21. Rf3 Rd8 22. Nf5 Bxf5 23. Qxf5+ Kg8 24. Rxd8+ Qxd8 25. Rd3 Qe7 26. h3
Kh8 27. Rd7 Qe6 28. Rxc7 Qxa2 29. Qxf6 Qe6 30. Qxe6 fxe6 31. Rxc6
{Black resigns}
1-0

[Event "ICC tourney 2545 (5 3)"]
[Site "Internet Chess Club"]
[Date "2021.04.11"]
[Round "6"]
[White "fishmaster"]
[Black "tmrs"]
[Result "0-1"]
[ICCResult "White checkmated"]
[WhiteElo "2028"]
[BlackElo "1661"]
[Opening "QGD Slav: 3.Nf3"]
[ECO "D11"]
[NIC "SL.01"]
[Time "16:14:12"]
[TimeControl "300+3"]

1. d4 d5 2. c4 c6 3. Nf3 Nf6 4. Qc2 Bg4 5. Ne5 Bh5 6. e3 Nbd7 7. cxd5 Nxd5
8. Nxd7 Qxd7 9. a3 Bg6 10. Bd3 Bxd3 11. Qxd3 e6 12. Nd2 Bd6 13. Nc4 Bc7 14.
O-O O-O 15. e4 Nb6 16. Be3 Rad8 17. Rad1 e5 18. Qc2 Nxc4 19. Qxc4 exd4 20.
Rxd4 Qe7 21. Rfd1 Qxe4 22. Rxe4 Rxd1+ 23. Qf1 Rxf1+ 24. Kxf1 a5 25. Re7 Rc8
26. a4 b5 27. b3 Bd6 28. Rb7 bxa4 29. bxa4 Bb4 30. Ke2 c5 31. Kd3 c4+ 32.
Kc2 h6 33. Bd2 Bxd2 34. Kxd2 c3+ 35. Kc2 Rc4 36. g3 g6 37. h4 Rxa4 38. Kxc3
Ra2 39. Rb2 Rxb2 40. Kxb2 Kg7 41. Ka3 Kf6 42. Ka4 Kf5 43. Kxa5 Kg4 44. Kb5
Kf3 45. Kc5 Kxf2 46. Kd5 Kxg3 47. Ke5 Kxh4 48. Kf6 g5 49. Kxf7 g4 50. Kg6 g3
51. Kxh6 g2 52. Kh7 g1=Q 53. Kh8 Qg5 54. Kh7 Kg4 55. Kh8 Kf5 56. Kh7 Kf6 57.
Kh8 Qg7# {White checkmated} 0-1

[Event "ICC tourney 2545 (5 3)"]
[Site "Internet Chess Club"]
[Date "2021.04.11"]
[Round "6"]
[White "siddhu"]
[Black "realleosantos"]
[Result "1-0"]
[ICCResult "Black resigns"]
[WhiteElo "1770"]
[BlackElo "1367"]
[Opening "Scotch opening"]
[ECO "C44"]
[NIC "KP.10"]
[Time "16:14:10"]
[TimeControl "300+3"]

1. e4 e5 2. Nf3 Nc6 3. d4 d6 4. dxe5 dxe5 5. Qxd8+ Kxd8 6. Be3 Nf6 7. Bd3
Nb4 8. Nc3 Bd6 9. O-O Bg4 10. Ng5 Ke7 11. h3 Bh5 12. g4 Bg6 13. a3 Nxd3 14.
cxd3 Rhd8 15. Nf3 c6 16. Rfd1 c5 17. g5 Ne8 18. Nd5+ Kf8 19. Nh4 Nc7 20.
Nxc7 Bxc7 21. Bxc5+ Kg8 22. Nxg6 hxg6 23. Rac1 Bd6 24. Bxd6 Rxd6 25. Rc7 Rb6
26. b4 Rd8 27. Kf1 f6 28. gxf6 gxf6 29. Ke2 Kf8 30. Rg1 g5 31. h4 gxh4 32.
Rgg7 Rbd6 33. Rh7 Rxd3 34. Rxh4 Rd2+ 35. Kf1 Rd1+ 36. Kg2 R1d7 37. Rh7 Rxc7
38. Rxc7 Rd3 39. Rxb7 Rxa3 40. f3 Ra2+ 41. Kg3 Ra4 42. f4 Rxb4 43. Rxb4
{Black resigns}
1-0

[Event "ICC tourney 2545 (5 3)"]
[Site "Internet Chess Club"]
[Date "2021.04.11"]
[Round "6"]
[White "Hunab"]
[Black "evorg"]
[Result "0-1"]
[ICCResult "White resigns"]
[WhiteElo "1484"]
[BlackElo "1537"]
[Opening "English: Anglo-Dutch defense"]
[ECO "A10"]
[NIC "HD.14"]
[Time "16:15:08"]
[TimeControl "300+3"]

1. c4 f5 2. Nc3 Nf6 3. g3 e6 4. Bg2 Bb4 5. d3 Bxc3+ 6. bxc3 c6 7. Bg5 d5 8.
e4 fxe4 9. dxe4 h6 10. Bf4 dxc4 11. Qxd8+ Kxd8 12. Ne2 Nbd7 13. Rd1 Ke7 14.
Bd6+ Kf7 15. f4 Nb6 16. O-O Rd8 17. Bc7 Rxd1 18. Rxd1 Bd7 19. Rd4 Rc8 20.
Bxb6 axb6 21. Rxc4 c5 22. a4 b5 23. e5 bxc4 24. exf6 Bc6 25. fxg7 Bxg2 26.
Kxg2 Kxg7 27. Kf3 Ra8 28. g4 Rxa4 29. h4 Ra2 30. Ng3 Rc2 31. Ke4 Rxc3 32.
Nh5+ Kg6 33. Ke5 Re3+ 34. Kd6 c3 35. f5+ exf5 36. Nf4+ Kf7 37. Nd5 Rd3 38.
Kxc5 Rxd5+ {White resigns} 0-1

[Event "ICC tourney 2545 (5 3)"]
[Site "Internet Chess Club"]
[Date "2021.04.11"]
[Round "6"]
[White "Toya"]
[Black "jacobsperber"]
[Result "1-0"]
[ICCResult "Black resigns"]
[WhiteElo "1394"]
[BlackElo "1262"]
[Opening "Sicilian: Smith-Morra gambit"]
[ECO "B21"]
[NIC "SI.48"]
[Time "16:14:16"]
[TimeControl "300+3"]

1. e4 c5 2. d4 cxd4 3. Qxd4 Nc6 4. Qc4 Nf6 5. Nc3 e6 6. Nf3 Be7 7. Bg5 O-O
8. O-O-O d6 9. h4 a6 10. e5 Ne8 11. exd6 Nxd6 12. Qe2 b5 13. Ne4 Bxg5+ 14.
hxg5 Qa5 15. Nxd6 Qxa2 16. Qd3 g6 17. Qe4 Bb7 18. Nxb7 Qa1+ 19. Kd2 Rfd8+
20. Nxd8 Rxd8+ 21. Ke3 Qxd1 22. Qxc6 f5 23. Qxe6+ Kf8 24. Rxh7 f4+ 25. Kxf4
{Black resigns}
1-0

[Event "ICC tourney 2545 (5 3)"]
[Site "Internet Chess Club"]
[Date "2021.04.11"]
[Round "6"]
[White "Jeffchess"]
[Black "JaimeVeloso"]
[Result "0-1"]
[ICCResult "White checkmated"]
[WhiteElo "1408"]
[BlackElo "1332"]
[Opening "Two knights defense"]
[ECO "C58"]
[NIC "KP.01"]
[Time "16:21:11"]
[TimeControl "300+3"]

1. e4 e5 2. Nf3 Nc6 3. Bc4 Nf6 4. Ng5 d5 5. exd5 Na5 6. Bb5+ Bd7 7. Qe2 Bd6
8. f4 O-O 9. fxe5 Bxe5 10. O-O Re8 11. Bxd7 Bd4+ 12. Qe3 Bxe3+ 13. dxe3 Qxd7
14. e4 Nxe4 15. Nxf7 Qxd5 16. Be3 Nc4 17. Bh6 Qd4+ 18. Kh1 Nf2+ 19. Kg1 Nh3+
20. Kh1 Qg1+ 21. Rxg1 Nf2# {White checkmated} 0-1

[Event "ICC tourney 2545 (5 3)"]
[Site "Internet Chess Club"]
[Date "2021.04.11"]
[Round "6"]
[White "ZephyrrrYT"]
[Black "alekhsay"]
[Result "1-0"]
[ICCResult "Black checkmated"]
[WhiteElo "1410"]
[BlackElo "846"]
[Opening "QGD: Marshall defense"]
[ECO "D06"]
[NIC "QP.08"]
[Time "16:14:09"]
[TimeControl "300+3"]

1. d4 d5 2. c4 Nf6 3. cxd5 Nxd5 4. Nc3 c6 5. Nf3 e6 6. Bg5 f6 7. Bh4 Be7 8.
Bg3 Nd7 9. e3 O-O 10. Bd3 e5 11. dxe5 fxe5 12. Nxe5 Bd6 13. Nxd7 Bxg3 14.
Nxf8 Bxf2+ 15. Kxf2 Qxf8+ 16. Qf3 Nf6 17. Bc4+ Kh8 18. Rhd1 b5 19. Be2 Bg4
20. Qxc6 Ne4+ 21. Kg1 Bxe2 22. Nxe2 Qf2+ 23. Kh1 Rf8 24. Qxe4 Qxe2 25. h3
Qh5 26. Rf1 Re8 27. Qf3 Qc5 28. Rac1 Qg5 29. Qf8+ Rxf8 30. Rxf8#
{Black checkmated}
1-0

[Event "ICC tourney 2545 (5 3)"]
[Site "Internet Chess Club"]
[Date "2021.04.11"]
[Round "6"]
[White "pawnmoves22"]
[Black "PeterOsgood"]
[Result "1-0"]
[ICCResult "Black resigns"]
[WhiteElo "1672"]
[BlackElo "1851"]
[Opening "Richter-Veresov attack"]
[ECO "D01"]
[NIC "VO.15"]
[Time "16:15:08"]
[TimeControl "300+3"]

1. Nc3 d5 2. d4 Nf6 3. Bg5 Nbd7 4. Nf3 e6 5. e3 c6 6. Bd3 Bd6 7. O-O h6 8.
Bf4 Bxf4 9. exf4 Qc7 10. Qd2 b6 11. Rfe1 Bb7 12. f5 O-O-O 13. fxe6 fxe6 14.
Rxe6 Nh5 15. Re7 Qd6 16. Rae1 Ndf6 17. Bg6 Nf4 18. Bf5+ Kb8 19. Ne5 N6h5 20.
Nf7 Qf6 21. Bg4 Rhf8 22. Nxd8 Rxd8 23. Qe3 g5 24. g3 Ng6 25. Re6 {Black
resigns} 1-0

[Event "ICC tourney 2545 (5 3)"]
[Site "Internet Chess Club"]
[Date "2021.04.11"]
[Round "6"]
[White "Xuanli28"]
[Black "HEM"]
[Result "1-0"]
[ICCResult "Black resigns"]
[WhiteElo "1693"]
[BlackElo "1633"]
[Opening "Sicilian defense"]
[ECO "B40"]
[NIC "SI.43"]
[Time "16:15:03"]
[TimeControl "300+3"]

1. e4 c5 2. Nf3 e6 3. b3 a6 4. Bb2 Nc6 5. Bd3 Qc7 6. O-O b5 7. Re1 Bb7 8. g3
Nf6 9. Nc3 Be7 10. e5 Ng4 11. h3 Nh6 12. Be4 O-O-O 13. a4 b4 14. Ne2 f5 15.
exf6 gxf6 16. Nf4 f5 17. Bxc6 Qxc6 18. Bxh8 Rxh8 19. Re3 Bg5 20. d4 Bxf4 21.
gxf4 Rg8+ 22. Kf1 a5 23. dxc5 Ba6+ 24. Ke1 Qxc5 25. Qd2 Nf7 26. Rd1 d6 27.
c3 Qc6 28. cxb4 Qxf3 29. Qc3+ Kd7 30. Rxf3 Rg1+ 31. Kd2 Rxd1+ 32. Kxd1
{Black resigns}
1-0